Map: Acid Plant LE

Players

Maru

  • Race: Terran Terran
  • Spawn Location: 11:00

sOs - Winner!

  • Race: Protoss Protoss
  • Spawn Location: 5:00

Event: 2018 WCS Global Finals

VOD

Have the link to the VOD?

Description

Time

  • Played on: Nov. 2, 2018, 3:34 p.m.
  • Length: 6:13

All games in this series

Show
View Real Time Build Order
Export as new Build Order

Maru Terran 

Build Orders: Cyclone Opening 

Get SALT Encoding   

  12  0:00  SCV  
  13  0:13  SCV  
  14  0:17  Supply Depot  
  14  0:25  SCV  
  15  0:39  Barracks, SCV  
  16  0:46  Refinery  
  16  0:51  SCV  
  16  0:55  Refinery  
  17  1:03  SCV  
  18  1:15  SCV  
  19  1:26  Marine  
  19  1:27  Orbital Command  
  20  1:34  Factory  
  20  1:47  Barracks Reactor  
  20  1:48  Supply Depot  
  20  1:53  SCV  
  21  2:05  SCV  
  22  2:16  Supply Depot  
  22  2:18  SCV  
  23  2:27  Cyclone  
  23  2:29  Cyclone  
  29  2:32  SCV  
  29  2:35  Marine  
  31  2:44  Starport  
  31  2:47  SCV  
  32  2:55  Marine  
  33  2:59  SCV  
  33  3:00  Widow Mine  
  34  3:11  SCV  
  35  3:15  Supply Depot  
  34  3:25  Widow Mine x2  
  36  3:30  Medivac  
  37  3:35  SCV  
  37  3:39  Marine  
  39  3:43  Liberator  
  39  3:46  Widow Mine  
  39  3:47  Widow Mine  
  43  3:56  Supply Depot  
  46  4:14  SCV  
  47  4:18  Widow Mine x2  
  47  4:19  Marine  
  46  4:28  Barracks  
  46  4:30  Bunker  
  44  4:35  SCV  
  41  4:43  Medivac  
  43  4:48  Widow Mine  
  43  4:51  Widow Mine  
  47  4:58  SCV  
  42  5:18  SCV  
  42  5:19  Barracks Reactor, Command Center  
  41  5:31  SCV  
  42  5:37  Barracks  
  42  5:43  SCV  
  43  5:55  SCV  
Show
View Real Time Build Order
Export as new Build Order

sOs Protoss - Winner!

Build Orders: Blink Stalkers 

Get SALT Encoding   

  12  0:00  Probe  
  13  0:12  Probe  
  14  0:18  Pylon  
  14  0:24  Probe  
  15  0:32  Probe  
  15  0:38  Gateway  
  15  0:40  Probe  
  16  0:47  Assimilator  
  17  0:51  Probe  
  18  1:03  Probe  
  19  1:06  Pylon  
  19  1:12  Assimilator  
  19  1:15  Probe  
  20  1:25  Cybernetics Core  
  20  1:27  Probe  
  20  1:31  Zealot  
  23  1:39  Probe  
  24  1:44  Pylon  
  24  1:51  Probe  
  24  1:52  Adept  
  25  2:03  Warp Gate  
  25  2:07  Twilight Council  
  27  2:10  Probe  
  27  2:18  Stalker  
  29  2:23  Blink  
  29  2:30  Pylon  
  29  2:49  Stalker  
  31  2:56  Shield Battery  
  31  3:07  Gateway  
  31  3:18  Gateway  
  31  3:21  Stalker  
  31  3:27  Probe  
  31  3:33  Robotics Facility  
  32  3:39  Shield Battery  
  32  3:52  Probe  
  33  3:56  Pylon  
  31  4:14  Stalker x3  
  37  4:20  Observer  
  38  4:39  Nexus  
  38  4:43  Observer  
  39  4:46  Probe  
  41  5:07  Stalker x2  
  41  5:09  Stalker  
  46  5:18  Probe  
  47  5:21  Pylon  
  47  5:38  Probe  
  48  5:46  Probe  
  48  5:48  Observer  
  37  5:55  Probe  
  38  6:01  Stalker x3  
Tags
 
Add a new tag
Caveats
  • Supply blocks, unpowered buildings, or Contaminate may cause inaccurate times.
  • Supply counts are checked every 10 seconds.